 Dungeon Crawl Stone Soup version 0.24-a0-537-g2d01d4a (webtiles) character file.

Game seed: 16167102166149360689

1059 ChiliFlavouring the Skirmisher (level 8, 0/74 HPs)
             Began as a Minotaur Berserker on Aug 13, 2019.
             Was a Believer of Trog.
             Slain by an unseen horror (3 damage)
             ... on level 7 of the Dungeon.
             The game lasted 00:10:40 (4405 turns).

ChiliFlavouring the Skirmisher (Minotaur Berserker) Turns: 4405, Time: 00:10:41

Health: 0/74       AC: 12    Str: 25    XL:     8   Next: 6%
Magic:  7/7        EV: 11    Int:  4    God:    Trog [**....]
Gold:   208        SH:  0    Dex:  9    Spells: 7/7 levels left

rFire    . . .     SeeInvis .   a - +1 hand axe
rCold    . . .     Gourm    .   (no shield)
rNeg     . . .     Faith    .   l - +0 scale mail
rPois    .         Spirit   .   (helmet restricted)
rElec    .         Reflect  .   (no cloak)
rCorr    .         Harm     .   e - +0 pair of gloves
MR       .....                  r - +0 pair of boots
Stlth    ..........             (no amulet)
HPRegen  0.22/turn              (no ring)
MPRegen  0.10/turn              (no ring)

@: berserk cooldown, slowed, very slow
A: retaliatory headbutt, horns 2, molten scales 1, wild magic 1, no potion heal
1, MP-powered wands
a: Berserk, Trog's Hand, Renounce Religion


You were on level 7 of the Dungeon.
You worshipped Trog.
Trog was pleased with you.
You were near starving.

You visited 1 branch of the dungeon, and saw 6 of its levels.

You collected 208 gold pieces.

Inventory:

Hand Weapons
 a - a +1 hand axe (weapon)
Armour
 e - a +0 pair of gloves (worn)
 l - a +0 scale mail (worn)
 r - a +0 pair of boots (worn)
Jewellery
 m - an uncursed ring of see invisible {unknown}
 p - an uncursed ring of poison resistance {unknown}
 s - an uncursed amulet of regeneration {unknown}
Wands
 k - a wand of polymorph (11)
 o - a wand of flame (1)
Scrolls
 b - a scroll of random uselessness {unknown}
 f - 7 scrolls of identify
 h - 2 scrolls of fear
 i - 2 scrolls of teleportation
 j - a scroll of remove curse
 n - 2 scrolls of enchant armour
 t - a scroll of enchant weapon
Potions
 d - 2 potions of lignification
 g - a potion of flight
 q - a potion of brilliance {unknown}
Comestibles
 c - 11 rations


   Skills:
 + Level 7.7 Fighting
 + Level 7.6 Axes
 + Level 6.4 Armour
 - Level 2.1 Dodging


You had 7 spell levels left.
You didn't know any spells.
Your spell library contained the following spells:

 Spells                   Type           Power        Failure   Level  Hunger
 Summon Small Mammal      Summ           #...         83%         1    ##.....
 Call Imp                 Summ           #.......     92%         2    ###....
 Call Canine Familiar     Summ           #.......     99%         3    ####...
 Summon Guardian Golem    Hex/Summ       #.......     99%         3    ####...
 Summon Ice Beast         Ice/Summ       #.......     100%        4    #####..
 Summon Lightning Spire   Summ/Air       #.......     100%        4    #####..


Dungeon Overview and Level Annotations

Branches:
Dungeon (7/15)
 Temple: D:4-7

Altars:
Makhleb
Vehumet


Innate Abilities, Weirdness & Mutations

You reflexively headbutt those who attack you in melee.
You have a pair of horns on your head.
You are partially covered in molten scales. (AC +2)
Your spells are a little harder to cast, but a little more powerful.
Potions are less effective at restoring your health.
You expend magic power (3 MP) to strengthen your wands.


Message History

Something hits you but does no damage. Something hits you.
Something hits you but does no damage. x2; Something hits you.
* * * LOW HITPOINT WARNING * * *
Something hits you but does no damage. x2
You closely miss something. Something hits you!
* * * LOW HITPOINT WARNING * * *
Something hits you but does no damage. x2
You miss something. Something hits you.
* * * LOW HITPOINT WARNING * * *
Something hits you!
* * * LOW HITPOINT WARNING * * *
Something hits you but does no damage. Something hits you but does no damage.
Something hits you but does no damage.
Something hits you but does no damage. x2
Something hits you.
* * * LOW HITPOINT WARNING * * *
Something hits you.
You die...

#.# ##.#####
####...#..
#........#
##.##...#.###.#
...............
##.##.....#####
#.###..###
#...@..#
#####.##
########### #.#
#.........# #.#
#.#######.# #.#
#.# #.#
#.######### #.#
#.##
#.......... #.#
#..#
##..#######.
#.#
#..#####...##


There were no monsters in sight!

Vanquished Creatures
  A hippogriff (D:5)
  A water moccasin (D:2)
  An ice beast (D:6)
  A sky beast (D:5)
  A bullfrog (D:6)
  2 howler monkeys
  A crimson imp (D:6)
  A bullfrog skeleton (D:5)
  A hound (D:5)
  3 orc wizards
  2 orc priests (D:5)
  Terence (D:2)
  2 worker ants (D:5)
  An iguana (D:5)
  A hound zombie (D:5)
  4 adders (D:2)
  2 worms (D:2)
  A dart slug (D:2)
  A leopard gecko (D:2)
  12 orcs
  2 ball pythons
  5 bats
  A giant cockroach (D:1)
  2 goblins
  3 quokkas
  5 frilled lizards
  2 kobolds (D:2)
  6 rats
66 creatures vanquished.

Notes
Turn   | Place    | Note
-------+----------+-------------------------------------------
     0 | D:1      | ChiliFlavouring the Minotaur Berserker began the quest for
                  | the Orb.
     0 | D:1      | Reached XP level 1. HP: 19/19 MP: 0/0
   547 | D:1      | Reached XP level 2. HP: 27/27 MP: 1/1
   817 | D:2      | HP: 1/28 [poisoned by an adder]
   829 | D:2      | HP: 1/28 [frilled lizard (1)]
  1152 | D:2      | Reached XP level 3. HP: 34/34 MP: 2/2
  1458 | D:2      | Noticed a water moccasin
  1469 | D:2      | Killed a water moccasin
  1469 | D:2      | Reached skill level 5 in Fighting
  1469 | D:2      | Reached skill level 5 in Axes
  1469 | D:2      | Reached XP level 4. HP: 13/42 MP: 3/3
  1469 | D:2      | Reached XP level 5. HP: 15/48 MP: 4/4
  1735 | D:2      | Noticed Terence
  1748 | D:2      | Killed Terence
  1748 | D:2      | Reached ** piety under Trog
  2233 | D:3      | You fall into a shaft and drop 2 floors!
  2233 | D:5      | Entered Level 5 of the Dungeon
  2244 | D:5      | Reached XP level 6. HP: 57/57 MP: 5/5
  2347 | D:5      | Noticed a sky beast
  2369 | D:5      | Killed a sky beast
  2575 | D:5      | Reached skill level 5 in Armour
  2633 | D:5      | Reached XP level 7. HP: 64/64 MP: 6/6
  2752 | D:5      | Noticed a hippogriff
  2768 | D:5      | Killed a hippogriff
  3837 | D:6      | Gained mutation: Your spells are a little harder to cast,
                  | but a little more powerful. [potion of mutation]
  3837 | D:6      | Gained mutation: Potions are less effective at restoring
                  | your health. [potion of mutation]
  3837 | D:6      | Gained mutation: You expend magic power (3 MP) to
                  | strengthen your wands. [potion of mutation]
  3837 | D:6      | Gained mutation: You are partially covered in molten
                  | scales. (AC +2) [potion of mutation]
  4177 | D:6      | Reached XP level 8. HP: 74/74 MP: 7/7
  4227 | D:6      | Found a burning altar of Makhleb.
  4227 | D:6      | Found a radiant altar of Vehumet.
  4404 | D:7      | HP: 2/74 [something (3)]
  4405 | D:7      | Slain by an unseen horror

Levels and vault maps discovered:
D:1:      dpeg_arrival_shelter, layout_loops_corners
D:2:      layout_basic, uniq_terence
D:3:      layout_rooms, chequers_ecumenical_altar_island,
          gammafunk_ghost_cemetery
D:5:      cheibrodos_two_vegetables, layout_loops_ring, first_ration
D:6:      layout_basic, grunt_temple_overflow_lords_of_destruction,
          kennysheep_generic_room_6
D:7:      corexii_shack_village, layout_loops_corners,
          chequers_temple_overflow_statue_of_worship

Skill      XL: |  1  2  3  4  5  6  7 |
---------------+----------------------+-----
Fighting       | 4 5 6 7 |  7.7
Axes           | 4 5 6 7 |  7.6
Armour         | 3 4 5 6 |  6.4
Dodging        | |  2.1

Action                   |  1- 3 |  4- 6 |  7- 9 || total
-------------------------+-------+-------+-------++-------
Melee: Hand axe          |    57 |    90 |    76 ||   223
       Headbutt          |     9 |    22 |    16 ||    47
Invok: Berserk           |       |     4 |     3 ||     7
       Trog's Hand       |       |     1 |     1 ||     2
  Use: Scroll            |     5 |       |     2 ||     7
       Potion            |     2 |     1 |     2 ||     5
 Stab: Distracted        |     1 |       |       ||     1
  Eat: Chunk             |     2 |     7 |     7 ||    16
Armor: Animal skin       |    10 |       |       ||    10
       Ring mail         |     4 |       |       ||     4
       Scale mail        |       |    24 |    81 ||   105
Dodge: Dodged            |    30 |    28 |    33 ||    91

Table legend:
 A = Non-vault XP
 B = Vault XP
 C = Vault XP percentage of total XP
 D = Non-vault monster count
 E = Vault monster count
 F = Vault count percentage of total count
                 A         B        C        D         E       F
            +---------+---------+-------+---------+---------+-------
      Total |    1162 |     352 |  23.2 |      63 |       3 |   4.5
            +---------+---------+-------+---------+---------+-------
        D:1 |      14 |       0 |   0.0 |      10 |       0 |   0.0
        D:2 |     233 |      36 |  13.4 |      21 |       1 |   4.5
        D:3 |       1 |       0 |   0.0 |       1 |       0 |   0.0
        D:5 |     596 |     266 |  30.9 |      23 |       1 |   4.2
        D:6 |     318 |      50 |  13.6 |       8 |       1 |  11.1
            +---------+---------+-------+---------+---------+-------
